Map: Oxide LE

Players

MaNa - Winner!

  • Race: Protoss Protoss

Kas

  • Race: Terran Terran

Event: DreamHack SC2 Masters 2021 Fall

VOD

Have the link to the VOD?

Description

Time

  • Played on: Aug. 5, 2021, 10:48 a.m.
  • Length: 9:22

All games in this series

Show
View Real Time Build Order
Export as new Build Order

MaNa Protoss - Winner!

Build Orders: 1 Gate Expand, Oracle Opening 

Get SALT Encoding   

  12  0:02  Probe  
  13  0:14  Probe  
  13  0:17  Pylon  
  14  0:26  Probe (Chrono Boost)  
  15  0:36  Gateway  
  15  0:38  Probe (Chrono Boost)  
  16  0:43  Assimilator  
  16  0:45  Probe (Chrono Boost)  
  17  0:53  Probe  
  18  1:05  Probe  
  19  1:17  Probe  
  20  1:23  Cybernetics Core  
  20  1:35  Nexus  
  20  1:39  Probe  
  21  1:46  Pylon  
  21  1:51  Probe  
  22  1:56  Assimilator  
  22  2:02  Adept (Chrono Boost)  
  22  2:08  Pylon  
  24  2:10  Probe  
  25  2:22  Probe  
  26  2:26  Stargate  
  26  2:27  Adept (Chrono Boost)  
  28  2:34  Warp Gate  
  28  2:38  Probe  
  29  2:50  Probe x2  
  31  2:54  Adept  
  33  3:02  Probe x2  
  35  3:06  Oracle (Chrono Boost)  
  38  3:14  Probe x2  
  40  3:22  Gateway  
  40  3:26  Probe  
  40  3:27  Probe  
  42  3:36  Oracle  
  42  3:39  Probe x2  
  47  3:51  Probe  
  46  4:01  Probe  
  47  4:06  Probe  
  46  4:14  Probe  
  50  4:18  Probe  
  50  4:22  Nexus  
  49  4:24  Adept x2  
  49  4:26  Probe  
  54  4:34  Phoenix, Probe  
  54  4:38  Pylon  
  54  4:39  Pylon  
  54  4:47  Assimilator  
  54  4:48  Gateway  
  54  4:49  Pylon, Robotics Facility  
  54  4:56  Probe x2  
  54  4:57  Stalker  
  54  4:59  Phoenix  
  60  5:02  Stalker  
  62  5:07  Pylon  
  62  5:08  Probe x2  
  62  5:20  Probe  
  63  5:25  Phoenix  
  65  5:33  Zealot x2, Probe  
  68  5:36  Probe  
  68  5:38  Probe  
  68  5:40  Warp Prism (Chrono Boost)  
  72  5:44  Robotics Bay  
  72  5:46  Assimilator, Probe  
  72  5:48  Pylon  
  73  5:55  Shield Battery  
  73  5:57  Twilight Council, Probe x2  
  73  6:03  Probe  
  76  6:07  Zealot x3  
  76  6:09  Probe  
  83  6:15  Probe  
  83  6:17  Immortal (Chrono Boost)  
  84  6:22  Phoenix  
  90  6:26  Forge  
  90  6:31  Probe  
  90  6:32  Probe  
  92  6:40  Pylon  
  92  6:41  Charge (Chrono Boost)  
  92  6:45  Colossus (Chrono Boost)  
  98  6:50  Protoss Ground Weapons Level 1 (Chrono Boost), Probe x2  
  94  7:04  Gateway x2  
  94  7:05  Gateway  
  94  7:09  Photon Cannon, Gateway  
  94  7:12  Photon Cannon  
  94  7:13  Sentry  
  94  7:14  Sentry, Zealot  
  100  7:22  Phoenix  
  102  7:32  Gateway  
  102  7:47  Gateway  
  102  7:48  Colossus (Chrono Boost)  
  102  7:49  Pylon, Zealot x3  
  102  7:50  Pylon  
  114  8:02  Photon Cannon  
  112  8:16  Zealot x7  
  120  8:41  Zealot x8  
  96  9:03  Zealot x2  
  96  9:04  Zealot x7  
  96  9:09  Probe x2  
Show
View Real Time Build Order
Export as new Build Order

Kas Terran 

Build Orders: Reaper Expand 

Get SALT Encoding   

  12  0:00  SCV  
  13  0:12  SCV  
  14  0:16  Supply Depot  
  14  0:24  SCV  
  15  0:38  SCV  
  15  0:41  Barracks  
  16  0:45  Refinery  
  16  0:50  SCV  
  17  1:02  SCV  
  18  1:14  SCV  
  19  1:27  Orbital Command  
  19  1:28  Reaper  
  20  1:47  Command Center  
  20  1:50  Supply Depot  
  20  1:53  SCV  
  21  2:01  Marine  
  22  2:05  SCV  
  23  2:09  Factory  
  23  2:17  Bunker, SCV  
  23  2:22  Barracks Reactor  
  24  2:25  Refinery  
  24  2:32  SCV  
  25  2:44  SCV  
  26  2:55  Widow Mine  
  26  2:56  SCV  
  28  2:59  Marine x2  
  28  3:00  Orbital Command  
  29  3:06  Starport  
  29  3:08  SCV  
  30  3:16  Widow Mine  
  30  3:17  Marine x2  
  34  3:21  SCV  
  35  3:28  SCV  
  35  3:33  SCV  
  36  3:35  Marine x2  
  36  3:40  SCV, Factory Tech Lab  
  39  3:42  Medivac  
  39  3:45  SCV  
  41  3:53  SCV  
  41  4:01  Marine x2, Cyclone  
  42  4:04  SCV  
  42  4:08  SCV  
  41  4:16  SCV  
  42  4:17  Barracks  
  42  4:18  Barracks  
  42  4:20  Supply Depot  
  42  4:24  Starport Tech Lab  
  42  4:31  SCV x2  
  42  4:40  Marine x2  
  42  4:43  SCV x2  
  45  4:55  SCV x2  
  45  4:56  Engineering Bay  
  45  4:58  Marine, Starport Reactor  
  48  5:01  Factory Reactor  
  47  5:07  SCV  
  47  5:11  SCV  
  47  5:12  Marine  
  50  5:19  SCV  
  48  5:23  SCV  
  49  5:30  Supply Depot, Command Center  
  49  5:31  SCV  
  48  5:36  SCV, Stimpack  
  48  5:38  Terran Infantry Weapons Level 1  
  48  5:39  Refinery  
  48  5:40  Marine x3, Combat Shield  
  50  5:44  SCV, Widow Mine  
  50  5:45  Marine  
  54  5:50  Missile Turret  
  54  5:51  SCV  
  54  5:54  Missile Turret  
  53  5:58  SCV  
  53  6:02  Marine x2  
  53  6:03  SCV  
  57  6:05  Medivac  
  57  6:06  Medivac  
  57  6:10  Marine  
  62  6:17  Supply Depot  
  62  6:18  Marine, SCV, Widow Mine  
  66  6:22  Supply Depot  
  66  6:27  Barracks  
  66  6:28  SCV, Barracks  
  66  6:32  SCV  
  68  6:34  Refinery  
  68  6:36  Marine x2  
  70  6:40  SCV, Marauder  
  70  6:44  SCV, Orbital Command  
  74  6:50  Medivac  
  74  6:52  SCV, Medivac  
  79  6:56  SCV  
  79  6:59  Marauder  
  82  7:01  Marine  
  82  7:02  Marine, Marauder  
  82  7:04  SCV  
  82  7:08  Orbital Command  
  87  7:12  Supply Depot  
  87  7:13  Supply Depot  
  87  7:16  SCV  
  87  7:17  Starport  
  87  7:20  Barracks Reactor, Barracks Tech Lab  
  87  7:21  Marine  
  89  7:23  SCV  
  89  7:28  Marine, Marauder  
  89  7:29  SCV  
  94  7:35  Viking  
  94  7:37  SCV x2  
  94  7:41  SCV  
  97  7:45  Marine  
  97  7:46  Marauder  
  97  7:47  Supply Depot  
  97  7:49  SCV  
  99  7:58  Viking  
  101  8:00  SCV  
  101  8:01  Viking  
  101  8:04  Viking  
  106  8:07  Missile Turret  
  106  8:14  Viking  
  106  8:16  SCV x2  
  106  8:17  SCV  
  111  8:21  Supply Depot  
  111  8:22  Supply Depot  
  108  8:28  Viking, SCV x2  
  104  8:40  Marauder x2  
  99  8:48  Viking x3  

Tags
 
Add a new tag
Caveats
  • Supply blocks, unpowered buildings, or Contaminate may cause inaccurate times.
  • Supply counts are checked every 10 seconds.